SAAA
BAGLEY LOONS @ NAPERVILLE BATTLEKINGS
09/23/2019
 
TOP OF THE 1ST
Bagley Loons batting - Pitching for Naperville Battlekings : RHP David Auchinleck
Pitching: RHP David Auchinleck
Batting: RHB Allen Murphy 0-0: Called Strike
0-1: Called Strike
0-2: Foul Ball, location: 2F
0-2: Ball
1-2: Foul Ball, location: 2F
1-2: Ball
2-2: Fly out, F7 (Flyball, 7LS)
Batting: RHB Karl Stevens 0-0: Ground out 6-3 (Groundball, 6MS)
Batting: RHB Karl Schultz 0-0: Called Strike
0-1: SINGLE (Groundball, 6MD)
Batting: RHB Todd Blake 0-0: Ball
1-0: Ball
2-0: Foul Ball, location: 2F
2-1: SINGLE (Groundball, 34D)
Karl Schultz to second
Runner from 2nd tries for 3rd, SAFE, no throw or cutoff
Batting: RHB Bill Dennis 0-0: Foul Ball, location: 2F
0-1: Ball
1-1: Swinging Strike
1-2: Ball
2-2: Foul Ball, location: 2F
2-2: Foul Ball, location: 2F
2-2: SINGLE (Groundball, 56D)
Karl Schultz scores
Todd Blake to second
Batting: LHB Kenko Ueda 0-0: Called Strike
0-1: Ball
1-1: Ball
2-1: Swinging Strike
2-2: Strikes out swinging
Top of the 1st over - 1 run(s), 3 hit(s), 0 error(s), 2 left on base; Bagley 1 - Naperville 0
BOTTOM OF THE 1ST
Naperville Battlekings batting - Pitching for Bagley Loons : RHP Eric Sharp
Pitching: RHP Eric Sharp
Batting: RHB Oliver Aranda 0-0: Ball
1-0: Called Strike
1-1: Foul Ball, location: 2F
1-2: Ball
2-2: Strikes out looking
Batting: RHB Joe Ferneyhough 0-0: Swinging Strike
0-1: Ball
1-1: Ball
2-1: Swinging Strike
2-2: Strikes out swinging
Batting: SHB Carlos Kramer 0-0: Called Strike
0-1: Ball
1-1: Ball
2-1: Ball
3-1: Base on Balls
Batting: LHB Cristo Ramírez 0-0: Ball
Carlos Kramer steals 2nd base
1-0: Ball
2-0: Ball
3-0: Base on Balls
Batting: RHB Carlos Gómez 0-0: Ball
1-0: Ball
2-0: Called Strike
2-1: Called Strike
2-2: Fly out, F7 (Flyball, 7M)
Bottom of the 1st over - 0 run(s), 0 hit(s), 0 error(s), 2 left on base; Bagley 1 - Naperville 0
TOP OF THE 2ND
Bagley Loons batting - Pitching for Naperville Battlekings : RHP David Auchinleck
Batting: RHB Justin Miles 0-0: Ball
1-0: SINGLE (Groundball, 5D)
Batting: RHB Jason Dunn 0-0: SINGLE (Line Drive, 34D)
Justin Miles to second
Runner from 2nd tries for 3rd, SAFE, throw made to third
Batting: RHB Eddie O'Bryan 0-0: Ball
1-0: Called Strike
1-1: Fly out, F8 (Flyball, 8LM)
Runner from 3rd tags up, SCORES, throw made
Batting: RHB Allen Murphy 0-0: Ball
1-0: Swinging Strike
1-1: SINGLE (Groundball, 6MD)
Jason Dunn to second
Batting: RHB Karl Stevens 0-0: Ball
Allen Murphy is caught stealing 2nd base
1-0: Foul Ball, location: 2F
1-1: Ball
Balk!
Jason Dunn scores
2-1: Swinging Strike
2-2: Ball
3-2: Foul Ball, location: 2F
3-2: SOLO HOME RUN (Flyball, 7D), Distance : 389 ft
Batting: RHB Karl Schultz 0-0: Ball
1-0: Called Strike
1-1: Ground out 4-3 (Groundball, 4)
Top of the 2nd over - 3 run(s), 4 hit(s), 0 error(s), 0 left on base; Bagley 4 - Naperville 0
BOTTOM OF THE 2ND
Naperville Battlekings batting - Pitching for Bagley Loons : RHP Eric Sharp
Batting: RHB Max White 0-0: Fly out, F7 (Flyball, 7LD)
Batting: RHB Earnest Veeck 0-0: Ball
1-0: Ball
2-0: Foul Ball, location: 2F
2-1: Foul Ball, location: 2F
2-2: Ball
3-2: Foul Ball, location: 2F
3-2: Foul Ball, location: 2F
3-2: Strikes out swinging
Batting: RHB Marcus Wade 0-0: Called Strike
0-1: Ball
1-1: Ball
2-1: Ball
3-1: Base on Balls
Batting: RHB Sal Haynes 0-0: SINGLE (Line Drive, 34D)
Marcus Wade to second
Batting: RHB Oliver Aranda 0-0: Ground out U3 (Groundball, 3)
Bottom of the 2nd over - 0 run(s), 1 hit(s), 0 error(s), 2 left on base; Bagley 4 - Naperville 0
TOP OF THE 3RD
Bagley Loons batting - Pitching for Naperville Battlekings : RHP David Auchinleck
Batting: RHB Todd Blake 0-0: Foul Ball, location: 2F
0-1: Called Strike
0-2: Foul Ball, location: 2F
0-2: Fly out, F9 (Flyball, 9D)
Batting: RHB Bill Dennis 0-0: Ball
1-0: Called Strike
1-1: Called Strike
1-2: Reached on error, E5 (Groundball, 56)
Batting: LHB Kenko Ueda 0-0: Called Strike
0-1: Ball
1-1: Ball
2-1: Fielders Choice at 2nd, 5-4 (Groundball, 56)
Batting: RHB Justin Miles 0-0: Ball
1-0: Swinging Strike
1-1: Swinging Strike
1-2: Ball
2-2: Strikes out swinging
Top of the 3rd over - 0 run(s), 0 hit(s), 1 error(s), 1 left on base; Bagley 4 - Naperville 0
BOTTOM OF THE 3RD
Naperville Battlekings batting - Pitching for Bagley Loons : RHP Eric Sharp
Batting: RHB Joe Ferneyhough 0-0: Called Strike
0-1: Foul Ball, location: 2F
0-2: Ball
1-2: Ball
2-2: SINGLE (Groundball, 56D)
Batting: SHB Carlos Kramer 0-0: Called Strike
0-1: Fly out, F7 (Flyball, 78M)
Batting: LHB Cristo Ramírez 0-0: Ball
1-0: Called Strike
1-1: Foul Ball, location: 2F
1-2: 2-RUN HOME RUN (Flyball, 89XD), Distance : 395 ft
Batting: RHB Carlos Gómez 0-0: Swinging Strike
0-1: Foul Ball, location: 2F
0-2: Strikes out swinging
Batting: RHB Max White 0-0: Ball
1-0: Swinging Strike
1-1: Fly out, F8 (Flyball, 8LS)
Bottom of the 3rd over - 2 run(s), 2 hit(s), 0 error(s), 0 left on base; Bagley 4 - Naperville 2
TOP OF THE 4TH
Bagley Loons batting - Pitching for Naperville Battlekings : RHP David Auchinleck
Batting: RHB Jason Dunn 0-0: Ball
1-0: Reached on error, E5 (Groundball, 5S)
Batting: RHB Eddie O'Bryan 0-0: Foul Ball, location: 2F
0-1: Fly out, F8 (Flyball, 8LM)
Batting: RHB Allen Murphy 0-0: Called Strike
0-1: Ball
1-1: Swinging Strike
1-2: Ball
2-2: Ball
3-2: Base on Balls
Batting: RHB Karl Stevens 0-0: Called Strike
Allen Murphy is caught stealing 2nd base
0-1: Foul Ball, location: 2F
0-2: Ball
1-2: SINGLE (Flyball, 8RS)
Jason Dunn scores
Batting: RHB Karl Schultz 0-0: Ball
1-0: Foul Ball, location: 2F
1-1: Ball
2-1: Ball
3-1: Base on Balls
Karl Stevens to second
Batting: RHB Todd Blake 0-0: Swinging Strike
0-1: Foul Ball, location: 2F
0-2: Strikes out swinging
Top of the 4th over - 1 run(s), 1 hit(s), 1 error(s), 2 left on base; Bagley 5 - Naperville 2
BOTTOM OF THE 4TH
Naperville Battlekings batting - Pitching for Bagley Loons : RHP Eric Sharp
Batting: RHB Earnest Veeck 0-0: Ball
1-0: Ball
2-0: Foul Ball, location: 2F
2-1: Swinging Strike
2-2: Ground out 5-3 (Groundball, 56)
Batting: RHB Marcus Wade 0-0: Ball
1-0: Ball
2-0: Ball
3-0: Called Strike
3-1: Base on Balls
Batting: RHB Sal Haynes 0-0: Ball
1-0: SINGLE (Flyball, 7S)
Marcus Wade to second
Batting: RHB Oliver Aranda 0-0: Ball
1-0: SINGLE (Groundball, 4M) (infield hit)
Marcus Wade to third
Sal Haynes to second
Batting: RHB Joe Ferneyhough 0-0: Ball
Wild Pitch!
Marcus Wade scores
Sal Haynes to third
Oliver Aranda to second
1-0: Ball
2-0: Called Strike
2-1: Swinging Strike
2-2: Ball
3-2: Ground out 6-3 (Groundball, 6)
Sal Haynes scores
Batting: SHB Carlos Kramer 0-0: Ground out 6-3 (Groundball, 6)
Bottom of the 4th over - 2 run(s), 2 hit(s), 0 error(s), 1 left on base; Bagley 5 - Naperville 4
TOP OF THE 5TH
Bagley Loons batting - Pitching for Naperville Battlekings : RHP David Auchinleck
Batting: RHB Bill Dennis 0-0: Ball
1-0: Foul Ball, location: 2F
1-1: Foul Ball, location: 2F
1-2: Strikes out swinging
Batting: LHB Kenko Ueda 0-0: Ball
1-0: Ball
2-0: Called Strike
2-1: Ball
3-1: SINGLE (Groundball, 5D)
Batting: RHB Justin Miles 0-0: Foul Ball, location: 2F
0-1: Ball
1-1: SINGLE (Flyball, 8LS)
Kenko Ueda to second
Pitching: RHP Ramón Elizondo
Batting: RHB Jason Dunn 0-0: Ball
1-0: SINGLE (Flyball, 7S)
Kenko Ueda to third
Justin Miles to second
Batting: RHB Eddie O'Bryan 0-0: Called Strike
0-1: Called Strike
0-2: Ball
1-2: Foul Ball, location: 2F
1-2: Foul Ball, location: 2F
1-2: Strikes out swinging
Batting: RHB Allen Murphy 0-0: Called Strike
0-1: Ball
1-1: Swinging Strike
1-2: Foul Ball, location: 2F
1-2: Ball
Wild Pitch!
Kenko Ueda scores
Justin Miles to third
Jason Dunn to second
2-2: Ball
3-2: Strikes out looking
Top of the 5th over - 1 run(s), 3 hit(s), 0 error(s), 2 left on base; Bagley 6 - Naperville 4
BOTTOM OF THE 5TH
Naperville Battlekings batting - Pitching for Bagley Loons : RHP Eric Sharp
Batting: LHB Cristo Ramírez 0-0: Called Strike
0-1: Ball
1-1: Fly out, F9 (Flyball, 9LD)
Batting: RHB Carlos Gómez 0-0: Ball
1-0: Ball
2-0: Called Strike
2-1: Ball
3-1: Fly out, F8 (Flyball, 8LS)
Batting: RHB Max White 0-0: Called Strike
0-1: Ball
1-1: Foul Ball, location: 2F
1-2: Strikes out swinging
Bottom of the 5th over - 0 run(s), 0 hit(s), 0 error(s), 0 left on base; Bagley 6 - Naperville 4
TOP OF THE 6TH
Bagley Loons batting - Pitching for Naperville Battlekings : RHP Ramón Elizondo
Batting: RHB Karl Stevens 0-0: Ball
1-0: Ball
2-0: Foul Ball, location: 2F
2-1: Foul Ball, location: 2F
2-2: Foul Ball, location: 2F
2-2: Ground out 6-3 (Groundball, 6)
Batting: RHB Karl Schultz 0-0: Ball
1-0: Swinging Strike
1-1: Called Strike
1-2: Strikes out swinging
Batting: RHB Todd Blake 0-0: Ball
1-0: Ball
2-0: Foul Ball, location: 2F
2-1: Ball
3-1: Foul Ball, location: 2F
3-2: Base on Balls
Batting: RHB Bill Dennis 0-0: Foul Ball, location: 2F
0-1: Called Strike
0-2: Ball
1-2: Fielders Choice at 2nd, 6-4 (Groundball, 6)
Top of the 6th over - 0 run(s), 0 hit(s), 0 error(s), 0 left on base; Bagley 6 - Naperville 4
BOTTOM OF THE 6TH
Naperville Battlekings batting - Pitching for Bagley Loons : RHP Eric Sharp
Batting: RHB Earnest Veeck 0-0: Ball
1-0: Ball
2-0: Ball
3-0: Called Strike
3-1: Called Strike
3-2: Base on Balls
Batting: RHB Marcus Wade 0-0: Ball
1-0: Swinging Strike
1-1: Ball
2-1: Ball
Wild Pitch!
Earnest Veeck to second
3-1: Foul Ball, location: 2F
3-2: SINGLE (Flyball, 8LS)
Earnest Veeck to third
Batting: RHB Sal Haynes 0-0: Ball
1-0: DOUBLE (Groundball, 5D)
Earnest Veeck scores
Marcus Wade to third
Runner from 3rd tries for Home, SAFE, throw made home
Pitching: RHP Rod Bakewell
Batting: RHB Oliver Aranda 0-0: Ball
1-0: Called Strike
1-1: Foul Ball, location: 2F
1-2: Foul Ball, location: 2F
1-2: Strikes out swinging
Batting: RHB Joe Ferneyhough 0-0: Called Strike
0-1: Ball
1-1: Fly out, F8 (Flyball, 8RS)
Batting: SHB Carlos Kramer 0-0: Ball
1-0: SINGLE (Flyball, 5D)
Sal Haynes to third
Runner from 3rd tries for Home, SAFE, no throw or cutoff
Batting: LHB Cristo Ramírez 0-0: Ball
Carlos Kramer steals 2nd base
1-0: Ball
2-0: Called Strike
2-1: Foul Ball, location: 2F
2-2: Ball
3-2: Foul Ball, location: 2F
3-2: Foul Ball, location: 2F
3-2: Base on Balls
Batting: RHB Carlos Gómez 0-0: Called Strike
0-1: SINGLE (Groundball, 6MD)
Carlos Kramer to third
Cristo Ramírez to second
Runner from 3rd tries for Home, SAFE, no throw or cutoff
Batting: RHB Max White 0-0: Called Strike
0-1: Foul Ball, location: 2F
0-2: Fielders Choice at 2nd, 6-4 (Groundball, 6MS)
Bottom of the 6th over - 4 run(s), 4 hit(s), 0 error(s), 1 left on base; Bagley 6 - Naperville 8
TOP OF THE 7TH
Bagley Loons batting - Pitching for Naperville Battlekings : RHP Ramón Elizondo
Batting: LHB Kenko Ueda 0-0: Called Strike
0-1: Ball
1-1: Ball
2-1: Ground out 6-3 (Groundball, 6)
Pitching: RHP William Taylor
Batting: RHB Justin Miles 0-0: Ball
1-0: Ball
2-0: Ball
3-0: Base on Balls
Batting: RHB Jason Dunn 0-0: Swinging Strike
0-1: Ball
1-1: Ball
2-1: Fly out, F6 (Popup, 5DF)
Batting: RHB Eddie O'Bryan 0-0: Ball
1-0: Ball
2-0: Foul Ball, location: 2F
2-1: SINGLE (Groundball, 56)
Justin Miles to second
Batting: RHB Allen Murphy 0-0: Called Strike
0-1: Fielders Choice at 2nd, U6 (Groundball, 6M)
Top of the 7th over - 0 run(s), 1 hit(s), 0 error(s), 2 left on base; Bagley 6 - Naperville 8
BOTTOM OF THE 7TH
Naperville Battlekings batting - Pitching for Bagley Loons : RHP Rod Bakewell
Batting: RHB Earnest Veeck 0-0: Ball
1-0: SINGLE (Line Drive, 8RS)
Batting: RHB Marcus Wade 0-0: Called Strike
0-1: Called Strike
0-2: SINGLE (Line Drive, 56)
Earnest Veeck to second
Pinch Hitting: RHB Wayne Bannatyne 0-0: Sac Bunt - play at first, batter safe!
Earnest Veeck to third
Marcus Wade to second
Batting: RHB Oliver Aranda 0-0: Ball
1-0: Swinging Strike
1-1: Foul Ball, location: 2F
1-2: Ball
2-2: Foul Ball, location: 2F
2-2: Ball
3-2: DOUBLE (Line Drive, 7LS)
Earnest Veeck scores
Marcus Wade scores
Wayne Bannatyne to third
Runner from 3rd tries for Home, SAFE, throw made home
Pitching: LHP Stanley Anderson
Batting: RHB Joe Ferneyhough 0-0: Called Strike
0-1: Ball
1-1: Swinging Strike
1-2: Foul Ball, location: 2F
1-2: Strikes out swinging
Batting: SHB Carlos Kramer 0-0: Swinging Strike
0-1: Called Strike
0-2: Strikes out swinging
Batting: LHB Cristo Ramírez 0-0: Ball
1-0: Ball
2-0: Ball
3-0: Called Strike
3-1: Foul Ball, location: 2F
3-2: Base on Balls
Batting: RHB Carlos Gómez 0-0: Ball
Oliver Aranda steals 3rd base
1-0: Called Strike
1-1: Called Strike
1-2: Ball
2-2: Ball
3-2: Base on Balls
Cristo Ramírez to second
Batting: RHB Max White 0-0: Ball
1-0: Hit by Pitch
Oliver Aranda scores
Cristo Ramírez to third
Carlos Gómez to second
Batting: RHB Earnest Veeck 0-0: Swinging Strike
0-1: Ball
1-1: Swinging Strike
1-2: Foul Ball, location: 2F
1-2: Foul Ball, location: 2F
1-2: Strikes out swinging
Bottom of the 7th over - 4 run(s), 4 hit(s), 0 error(s), 3 left on base; Bagley 6 - Naperville 12
TOP OF THE 8TH
Bagley Loons batting - Pitching for Naperville Battlekings : RHP William Taylor
Now at 3B: Jack Mason
Batting: RHB Karl Stevens 0-0: Swinging Strike
0-1: Ball
1-1: Foul Ball, location: 2F
1-2: Ball
2-2: Ball
3-2: SINGLE (Groundball, 34D)
Batting: RHB Karl Schultz 0-0: Ball
1-0: Called Strike
1-1: Swinging Strike
1-2: Foul Ball, location: 2F
1-2: Foul Ball, location: 2F
1-2: SINGLE (Groundball, 5L)
Karl Stevens to second
Batting: RHB Todd Blake 0-0: Ball
1-0: Foul Ball, location: 2F
1-1: Foul Ball, location: 2F
1-2: Ball
2-2: Ball
Wild Pitch!
Karl Stevens to third
Karl Schultz to second
3-2: Strikes out swinging
Batting: RHB Bill Dennis 0-0: Ball
1-0: Foul Ball, location: 2F
1-1: Ball
2-1: Swinging Strike
2-2: Fly out, F2 (Popup, 2RF)
Batting: LHB Kenko Ueda 0-0: Ball
1-0: Called Strike
1-1: Ground out 6-3 (Groundball, 6)
Top of the 8th over - 0 run(s), 2 hit(s), 0 error(s), 2 left on base; Bagley 6 - Naperville 12
BOTTOM OF THE 8TH
Naperville Battlekings batting - Pitching for Bagley Loons : LHP Stanley Anderson
Batting: RHB Marcus Wade 0-0: Foul Ball, location: 2F
0-1: Ball
1-1: Ball
2-1: Fly out, F9 (Flyball, 89S)
Batting: LHB Jack Mason 0-0: Ball
1-0: Foul Ball, location: 2F
1-1: Called Strike
1-2: Ball
2-2: Strikes out looking
Batting: RHB Oliver Aranda 0-0: Ball
1-0: Foul Ball, location: 2F
1-1: Fly out, F4 (Popup, 4)
Bottom of the 8th over - 0 run(s), 0 hit(s), 0 error(s), 0 left on base; Bagley 6 - Naperville 12
TOP OF THE 9TH
Bagley Loons batting - Pitching for Naperville Battlekings : RHP William Taylor
Batting: RHB Justin Miles 0-0: Foul Ball, location: 2F
0-1: SINGLE (Groundball, 56D)
Pitching: RHP Mike Heller
Batting: RHB Jason Dunn 0-0: Fly out, F8 (Flyball, 8RM)
Batting: RHB Eddie O'Bryan 0-0: Called Strike
0-1: Ball
1-1: Swinging Strike
1-2: Strikes out swinging
Batting: RHB Allen Murphy 0-0: Ball
1-0: Called Strike
1-1: Ball
2-1: Foul Ball, location: 2F
2-2: Strikes out swinging
Top of the 9th over - 0 run(s), 1 hit(s), 0 error(s), 1 left on base; Bagley 6 - Naperville 12
This league is powered by Out of the Park Baseball, the baseball management simulation game for PC, Mac and Linux
Saturday, July 25th, 2015 - OOTP Baseball 15.6 Build 34